 Dungeon Sprint DCSS version 0.18.1-1-g2f07953 (webtiles) character file.

2263 Ponchio the Nimble (level 9, -6/51 HPs)
             Began as a High Elf Fire Elementalist on May 7, 2016.
             Was a High Priest of Vehumet.
             Mangled by a large abomination (37 damage)
             ... in the Dungeon (Sprint V: "Ziggurat Sprint").
             The game lasted 00:08:55 (389 turns).

Ponchio the Nimble (High Elf Fire Elementalist)      Turns: 389, Time: 00:08:55

Health: -6/51      AC:  2    Str:  7    XL:     9   Next: 15%
Magic:  18/32      EV: 21    Int: 41    God:    Vehumet [*****.]
Gold:   0          SH:  0    Dex: 16    Spells: 2 memorised, 26 levels left

rFire  . . .     SeeInvis .     I - +6 Majin-Bo {vamp, Archmagi MP+6 Int+6}
rCold  . . .     Gourm    .     a - +0 robe
rNeg   . . .     Faith    .     (shield currently unavailable)
rPois  .         Spirit   .     (no helmet)
rElec  .         Dismiss  .     (no cloak)
rCorr  .         Reflect  .     (no gloves)
SustAt .         Harm     .     (no boots)
MR     .....     NoTele   +     M - amulet of magic regeneration
Stlth  ++........               B - +6 ring of intelligence
                                A - +6 ring of intelligence

@: studying Armour, not resistant to hostile enchantments, unstealthy
A: no striking features
a: Renounce Religion


You were in the Dungeon.
You worshipped Vehumet.
Vehumet was extremely pleased with you.
You were not hungry.

You visited 1 branch

Inventory:

Hand Weapons
 I - the +6 Majin-Bo (weapon) {vamp, Archmagi MP+6 Int+6}
   (You found it in the Dungeon)

   It inflicts no extra harm, but heals its wielder somewhat when it strikes a
   living foe.
   It affects your intelligence (+6).
   It affects your magic capacity (+6).
Armour
 a - a +0 robe (worn)
 J - the +15 Maxwell's patent armour {-Cast -Tele rElec MR+ rCorr}
   (You found it in the Dungeon)

   It insulates you from electricity.
   It affects your resistance to hostile enchantments.
   It prevents spellcasting.
   It prevents most forms of teleportation.
   It protects you from acid and corrosion.
Jewellery
 y - a +6 ring of dexterity
 z - a +6 ring of dexterity
 A - a +6 ring of intelligence (left hand)
 B - a +6 ring of intelligence (right hand)
 C - a +6 ring of strength
 D - a +6 ring of strength
 L - an uncursed ring of poison resistance
 M - an amulet of magic regeneration (around neck)
 O - an uncursed ring of see invisible
Wands
 E - a wand of disintegration (7/24)
 F - a wand of iceblast (0/15)
 G - a wand of lightning (2/15)
 H - a wand of acid (5/15)
Scrolls
 i - 4 scrolls of blinking
 p - 4 scrolls of amnesia
 q - 3 scrolls of recharging
 r - 7 scrolls of fog
 s - a scroll of holy word
 t - 5 scrolls of identify
 u - 5 scrolls of remove curse
 v - 2 scrolls of fear
Potions
 d - 10 potions of curing
 e - 10 potions of heal wounds
 f - 5 potions of haste
 g - 7 potions of magic
 h - 3 potions of berserk rage
 j - 2 potions of brilliance
 k - 2 potions of invisibility
 l - 4 potions of resistance
 n - 5 potions of agility
 o - 5 potions of might
Books
 b - a book of Flames

   Spells                             Type                      Level
   a - Flame Tongue                   Conjuration/Fire             1
   b - Throw Flame                    Conjuration/Fire             2
   c - Conjure Flame                  Conjuration/Fire             3
   d - Inner Flame                    Hexes/Fire                   3
   e - Sticky Flame                   Conjuration/Fire             4
   f - Fireball                       Conjuration/Fire             5
 m - a manual of Armour
Miscellaneous
 N - a phial of floods
Comestibles
 c - 5 bread rations
 w - 40 fruits
 x - 4 meat rations
 K - 3 chunks of flesh


   Skills:
 + Level 12.5 Dodging
 - Level 2.1 Stealth
 - Level 12.3 Spellcasting
 - Level 12.2 Conjurations
 - Level 3.0 Fire Magic
 - Level 7.3 Evocations


You had 26 spell levels left.
You knew the following spells:

 Your Spells              Type           Power        Failure   Level  Hunger
a - Flame Tongue          Conj/Fire      #####        1%          1    None
b - Fireball              Conj/Fire      #######...   1%          5    None


Dungeon Overview and Level Annotations

Branches:
Dungeon (1/1)

Altars:
Ashenzari
Cheibriados
Dithmenos
Elyvilon
Fedhas
Gozag
Kikubaaqudgha
Makhleb
Nemelex Xobeh
Okawaru
Pakellas
Qazlal
Ru
Sif Muna
Trog
Vehumet
Xom
Yredelemnul
Zin
The Shining One
Beogh
Jiyva
Lugonu


Message History

Confirm with . or Enter, or press ? or * to list all spells.
Aiming: Fireball
Press: ? - help, Shift-Dir - straight line, f - large abomination
Aim: a large abomination You feel a surge of power!
The fireball explodes!
The fireball engulfs the large abomination.
The large abomination is moderately damaged.
Casting: Fireball
Confirm with . or Enter, or press ? or * to list all spells.
Aiming: Fireball
Press: ? - help, Shift-Dir - straight line, f/p - large abomination
Aim: a large abomination (moderately damaged)
You feel a surge of power!
The fireball explodes!
The fireball engulfs the large abomination.
The large abomination is severely damaged.
You sock the large abomination!
The large abomination is almost destroyed.
The large abomination hits you!!!
Ouch! That really hurt!
You die...

▓..=.)..▓
▓..|)%..▓
▓...5...▓
▓.......▓
▓.......▓
.......
▓.▓.X.▓.▓
▓...@...▓
▓▓▓▓▓▓▓▓▓


You could see a large abomination and a crimson imp.

Vanquished Creatures
  A large abomination (D)
  4 merfolk (D)
  2 jumping spiders (D)
  A tarantella (D)
  A water moccasin (D)
  A small abomination (D)
  6 scorpions (D)
  2 river rats (D)
  2 white imps (D)
  2 ball pythons (D)
22 creatures vanquished.

Vanquished Creatures (others)
  A spatial maelstrom (D)
1 creature vanquished.

Grand Total: 23 creatures vanquished

Notes
Turn   | Place    | Note
--------------------------------------------------------------
     0 | D        | Ponchio the High Elf Fire Elementalist began the quest for the Orb.
     0 | D        | Reached XP level 1. HP: 11/11 MP: 4/4
     0 | D        | Found a viscous altar of Jiyva.
     0 | D        | Found a roughly hewn altar of Beogh.
     0 | D        | Found a corrupted altar of Lugonu.
     0 | D        | Found a white marble altar of Elyvilon.
     0 | D        | Found a sparkling altar of Nemelex Xobeh.
     1 | D        | Found a burning altar of Makhleb.
     1 | D        | Found an iron altar of Okawaru.
     1 | D        | Found a deep blue altar of Sif Muna.
     1 | D        | Found a radiant altar of Vehumet.
     1 | D        | Found a bloodstained altar of Trog.
     1 | D        | Found a shimmering altar of Xom.
     5 | D        | Banished a spatial maelstrom
    31 | D        | Became a worshipper of Vehumet
    50 | D        | Reached XP level 2. HP: 17/17 MP: 5/7
   106 | D        | Entered arena 1.
   115 | D        | Entered arena 2.
   115 | D        | Noticed a water moccasin
   116 | D        | Killed a water moccasin
   116 | D        | Reached * piety under Vehumet
   116 | D        | Offered knowledge of Freeze by Vehumet.
   116 | D        | Reached XP level 3. HP: 21/21 MP: 12/12
   116 | D        | Reached XP level 4. HP: 27/27 MP: 13/13
   147 | D        | Entered arena 3.
   147 | D        | Noticed a merfolk
   147 | D        | Noticed a merfolk
   147 | D        | Noticed a merfolk
   147 | D        | Noticed a merfolk
   151 | D        | Killed a merfolk
   151 | D        | Reached ** piety under Vehumet
   151 | D        | Reached XP level 5. HP: 26/31 MP: 18/18
   151 | D        | Reached XP level 6. HP: 30/36 MP: 19/19
   152 | D        | Killed a merfolk
   152 | D        | Reached skill level 10 in Spellcasting
   152 | D        | Reached skill level 10 in Conjurations
   152 | D        | Reached XP level 7. HP: 35/41 MP: 21/22
   152 | D        | Killed a merfolk
   154 | D        | Killed a merfolk
   154 | D        | Reached XP level 8. HP: 36/46 MP: 22/25
   212 | D        | Learned a level 5 spell: Fireball
   244 | D        | Entered arena 4.
   244 | D        | Noticed a jumping spider
   245 | D        | Reached *** piety under Vehumet
   245 | D        | Reached skill level 5 in Dodging
   245 | D        | Killed a jumping spider
   276 | D        | Entered arena 5.
   276 | D        | Noticed a jumping spider
   277 | D        | Reached **** piety under Vehumet
   278 | D        | Killed a jumping spider
   278 | D        | Reached skill level 10 in Dodging
   384 | D        | Entered arena 6.
   384 | D        | Noticed a large abomination
   384 | D        | Noticed a large abomination
   385 | D        | Offered knowledge of Sting by Vehumet.
   385 | D        | Reached ***** piety under Vehumet
   386 | D        | Reached XP level 9. HP: 46/51 MP: 26/26
   386 | D        | Killed a large abomination
   389 | D        | Mangled by a large abomination

Skill      XL: |  1  2  3  4  5  6  7  8  9 |
---------------+----------------------------+-----
Evocations     | 7 |  7.3
Spellcasting   | 6 9 10 12 | 12.3
Conjurations   | 6 9 10 12 | 12.2
Dodging        | 11 12 | 12.5
Stealth        | |  2.1
Fire Magic     | |  3.0

Action                   |  1- 3 |  4- 6 |  7- 9 || total
-------------------------+-------+-------+-------++-------
Melee: Quarterstaff      |     1 |     3 |     1 ||     5
 Cast: Fireball          |       |       |     8 ||     8
Evoke: Wand              |     1 |     4 |     3 ||     8
  Use: Potion            |     1 |     1 |       ||     2
  Eat: Fruit             |     2 |       |       ||     2
       Chunk             |       |       |     1 ||     1
Armor: Plate armour      |       |     7 |       ||     7
